 Dungeon Crawl Stone Soup version 0.26-a0-43-g20b394c (webtiles) character file.

Game seed: 2878230480449763127

133 Faca the Vandal (level 5, 0/36 HPs)
             Began as a Halfling Hunter on June 3, 2020.
             Killed by divine providence
             ... invoked by an orc priest
              (12 damage)
             ... on level 3 of the Dungeon.
             The game lasted 00:03:01 (2587 turns).

Faca the Vandal (Halfling Hunter)                   Turns: 2587, Time: 00:03:01

Health: 0/36       AC:  6    Str: 14    XL:     5   Next: 40%
Magic:  5/5        EV: 12    Int:  9    God:
Gold:   130        SH:  0    Dex: 15    Spells: 4/4 levels left

rFire    . . .     SeeInvis .   j - +2 dagger (venom)
rCold    . . .     Gourm    .   (shield restricted)
rNeg     . . .     Faith    .   g - +0 scale mail
rPois    .         Spirit   .   (no helmet)
rElec    .         Reflect  .   (no cloak)
rCorr    .         Harm     .   (no gloves)
MR       .....                  (no boots)
Stlth    ..........             (no amulet)
HPRegen  0.12/turn              (no ring)
MPRegen  0.09/turn              (no ring)

@: no status effects
A: small, mutation resistance 1
a: no special abilities


You were on level 3 of the Dungeon.
You were not hungry.

You visited 1 branch of the dungeon, and saw 3 of its levels.

You collected 130 gold pieces.

Inventory:

Hand Weapons
 a - a +2 hunting sling
 j - a +2 dagger of venom (weapon)
Missiles
 d - 68 sling bullets
 e - 52 stones (quivered)
Armour
 g - a +0 scale mail (worn)
Jewellery
 k - an uncursed ring of ice
Scrolls
 h - 3 scrolls of identify
 i - a scroll of fear
 m - a scroll of teleportation {unknown}
Potions
 b - 2 potions of mutation
 c - 2 potions of heal wounds
 l - a potion of curing
Comestibles
 f - 5 rations
 n - 11 chunks of flesh


   Skills:
 + Level 3.0 Fighting
 + Level 3.0 Short Blades
 + Level 7.1 Slings
 - Level 2.1 Dodging
 - Level 1.1 Stealth


You had 4 spell levels left.
You didn't know any spells.
Your spell library was empty.

Dungeon Overview and Level Annotations

Branches:
Dungeon (3/15)

Altars:


Innate Abilities, Weirdness & Mutations

You are small and have problems with some larger weapons.
You are somewhat resistant to further mutation.


Message History

The bat closely misses you.
The orc priest looks encouraged for a moment.
You see here a dart slug corpse.
You kill the orc!
The bat completely misses you. The bat closely misses you.
The bat hits you but does no damage. The orc closely misses you.
The orc priest mumbles some strange prayers to Beogh against you.
Beogh smites you!
You are too injured to fight recklessly!
You are too injured to fight recklessly!
The bat barely misses you. The bat barely misses you.
You hit the bat.
You kill the bat!
You closely miss the orc. The orc hits you with a +3 mace!
You barely miss the orc.
The orc priest invokes the aid of Beogh against you.
Beogh smites you!
You die...

.#######.## .#########
#...# .....o)).## #.#.#
..........# ####.#.####
.#######)†####....#....##
#.......#######..#
#o#####....#...... #o#
###..#.....# #@#
#..#.###.# #.# #....###.#
#.# #.#....... #.. ..
######). ### ## #.) #..
####.) #..).. #.###.


You could see an orc priest and an orc.

Vanquished Creatures
  An orc priest (D:3)
  Natasha (D:2)
  2 adders (D:3)
  A worm (D:2)
  A dart slug (D:3)
  A leopard gecko (D:3)
  7 orcs (D:3)
  A giant cockroach (D:3)
  5 hobgoblins
  7 bats
  2 frilled lizards (D:2)
  6 goblins
  9 kobolds
  4 rats
48 creatures vanquished.

Notes
Turn   | Place    | Note
-------+----------+-------------------------------------------
     0 | D:1      | Faca the Halfling Hunter began the quest for the Orb.
     0 | D:1      | Reached XP level 1. HP: 14/14 MP: 1/1
   351 | D:1      | Reached skill level 6 in Slings
   356 | D:1      | Reached XP level 2. HP: 16/19 MP: 2/2
   513 | D:1      | Reached skill level 1 in Short Blades
  1283 | D:2      | Reached XP level 3. HP: 21/24 MP: 3/3
  1667 | D:2      | Noticed Natasha
  1682 | D:2      | Killed Natasha
  1682 | D:2      | Reached XP level 4. HP: 11/30 MP: 4/4
  2398 | D:3      | Reached skill level 7 in Slings
  2398 | D:3      | Reached XP level 5. HP: 25/36 MP: 5/5
  2587 | D:3      | Killed from afar by an orc priest

Illustrated notes

Levels and vault maps discovered:
D:1:      minmay_arrival_up_and_down, layout_loops_ring
D:2:      layout_loops_cross, uniq_natasha
D:3:      layout_loops_ring, uniq_jessica

Skill      XL: |  1  2  3  4  5 |
---------------+----------------+-----
Slings         | 6 7 |  7.1
Fighting       | 2 3 |  3.0
Short Blades   | 1 2 3 |  3.0
Dodging        | |  2.1
Stealth        | |  1.1

Action                   |  1- 3 |  4- 6 || total
-------------------------+-------+-------++-------
Melee: Short sword       |    74 |       ||    74
       Dagger            |    22 |    66 ||    88
  Use: Scroll            |     6 |     3 ||     9
  Eat: Chunk             |     2 |     3 ||     5
Armor: Scale mail        |    28 |    20 ||    48
       Leather armour    |     1 |       ||     1
Dodge: Dodged            |    56 |    51 ||   107

Table legend:
 A = Non-vault XP
 B = Vault XP
 C = Vault XP percentage of total XP
 D = Non-vault monster count
 E = Vault monster count
 F = Vault count percentage of total count
                 A         B        C        D         E       F
            +---------+---------+-------+---------+---------+-------
      Total |     152 |      39 |  20.4 |      47 |       1 |   2.1
            +---------+---------+-------+---------+---------+-------
        D:1 |      22 |       0 |   0.0 |      14 |       0 |   0.0
        D:2 |      23 |      39 |  62.9 |      15 |       1 |   6.2
        D:3 |     107 |       0 |   0.0 |      18 |       0 |   0.0
            +---------+---------+-------+---------+---------+-------
